cohdb
Replays
Latest Replays
All Replays
Popular Replays
Top Player Replays
Match Explorer
How It Works
Community
CoH3 Stats
Reddit
Sign in to upload your games and track your stats! →
Sign in with Steam
Match 25445805
Unlisted
Match 25445805
Overview
Messages
Build Orders
End
Kettenkrad Recon Vehicle
Construct Infanterie Kompanie
Grenadier Squad
MG 42 Machine Gun Team
Grenadier Squad
MG 42 Machine Gun Team
Infanterie Officer Quarters
Medical Station
Grenadier Squad
Selects Breakthrough Battlegroup
Selects Assault Grenadiers
Construct Panzergrenadier Kompanie
Construct Luftwaffe Kompanie
Support Elements
Wirbelwind Flakpanzer
Selects Smoke Bombing Run
Selects Incendiary Bombing Run
Selects Rapid Production
Marder III M Tank Destroyer
Luftwaffe Officer Quarters
Pioneer Squad
Jäger Squad
Jäger Squad
Marder III M Tank Destroyer
Construct Panzer Kompanie
Selects Blitzkrieg
Wirbelwind Flakpanzer
Jäger Squad
Selects Tiger Heavy Tank
Side Skirts
Stoßtruppen Squad
Incendiary Bombing Run
Panzer IV Medium Tank
Incendiary Bombing Run
Panzer Officer Quarters
Stoßtruppen Squad
Panzer IV Medium Tank
Incendiary Bombing Run
Smoke Bombing Run
Stoßtruppen Squad
Incendiary Bombing Run
Smoke Bombing Run
Tiger Heavy Tank
Pioneer Squad
Incendiary Bombing Run
spekrtp
Mikhail
snip
ConcernedApe
0
0
Comments
sign in to comment!
No comments posted yet!